Map: New Gettysburg LE

Players

PassiveFist

  • Race: Zerg Zerg
  • League: Platinum

goldrobber - Winner!

  • Race: Protoss Protoss
  • League: Platinum

VOD

Have the link to the VOD?

Description

Time

  • Played on: Aug. 20, 2016, 1:23 a.m.
  • Length: 15:02
Show
View Real Time Build Order
Export as new Build Order

PassiveFist Zerg 

Build Orders: Hatch First, Zergling Baneling 

Get SALT Encoding   

  12  0:02  Drone  
  13  0:08  Drone  
  14  0:18  Overlord  
  14  0:26  Extractor, Drone  
  14  0:36  Drone x2  
  16  0:45  Drone  
  17  1:02  Hatchery  
  16  1:19  Drone x2  
  18  1:28  Spawning Pool  
  18  1:32  Drone  
  18  1:37  Drone  
  19  2:04  Drone  
  20  2:20  Queen, Zergling x8  
  20  2:21  Queen  
  28  2:26  Metabolic Boost  
  28  2:34  Overlord  
  28  2:43  Overlord  
  28  2:48  Baneling Nest  
  27  2:53  Extractor, Zergling x2  
  27  2:58  Zergling x2  
  28  3:03  Zergling x2  
  29  3:05  Drone  
  29  3:14  Drone x2  
  31  3:24  Drone x2  
  33  3:33  Drone  
  33  3:34  Drone  
  33  3:42  Zergling x4  
  33  3:43  Zergling x2  
  35  3:50  Zergling x4  
  36  4:00  Drone x3  
  36  4:01  Drone  
  39  4:05  Zergling x2  
  39  4:07  Zergling x2  
  38  4:11  Zergling x2  
  38  4:14  Zergling x2  
  40  4:17  Zergling x2  
  40  4:22  Zergling x2  
  42  4:24  Zergling x2  
  42  4:25  Zergling x2  
  43  4:39  Baneling x2  
  43  4:40  Baneling x4, Zergling x2  
  43  4:42  Overlord  
  44  4:46  Overlord  
  44  4:49  Baneling x2  
  43  5:04  Zergling x12  
  43  5:06  Zergling x2  
  41  5:10  Zergling x4  
  41  5:13  Zergling x2  
  41  5:22  Zergling x2  
  41  5:25  Zergling x2  
  43  5:31  Roach Warren  
  43  5:33  Lair  
  42  5:39  Baneling x4  
  42  5:40  Baneling  
  42  5:42  Zergling x2  
  43  5:46  Zergling x2  
  43  5:48  Zergling x2  
  45  5:50  Zergling x2  
  45  5:55  Zergling x2  
  47  6:03  Drone x2  
  47  6:04  Drone x2  
  51  6:09  Drone  
  51  6:10  Drone  
  49  6:12  Drone  
  48  6:20  Spore Crawler  
  43  6:27  Drone x4  
  43  6:28  Drone  
  48  6:33  Drone  
  48  6:38  Overlord  
  48  6:39  Overlord  
  49  6:59  Hydralisk Den  
  48  7:02  Evolution Chamber  
  47  7:14  Extractor  
  46  7:18  Extractor  
  46  7:19  Overlord  
  45  7:24  Hatchery  
  45  7:28  Hydralisk x2  
  45  7:29  Hydralisk  
  50  7:31  Muscular Augments  
  50  7:33  Zerg Ground Armor Level 1  
  50  7:40  Evolution Chamber  
  50  7:41  Hydralisk x3  
  50  7:43  Hydralisk  
  57  7:47  Hydralisk  
  59  7:55  Hydralisk, Spore Crawler  
  55  7:59  Hydralisk  
  55  8:04  Hydralisk  
  49  8:14  Hydralisk  
  49  8:16  Hydralisk  
  53  8:21  Drone  
  54  8:28  Drone  
  54  8:29  Drone x2  
  57  8:37  Hydralisk  
  57  8:41  Hydralisk  
  57  8:44  Drone  
  57  8:47  Drone  
  57  8:59  Drone x4  
  60  9:08  Hydralisk  
  62  9:14  Drone  
  63  9:20  Drone  
  64  9:25  Drone  
  64  9:31  Overlord  
  60  9:42  Overlord x2  
  58  9:56  Overlord  
  58  9:57  Overlord  
  58  10:01  Hydralisk x2  
  58  10:05  Zerg Missile Weapons Level 1  
  62  10:09  Drone  
  62  10:10  Drone  
  62  10:12  Drone  
  65  10:18  Spore Crawler  
  65  10:19  Drone  
  65  10:26  Spine Crawler  
  64  10:29  Hydralisk  
  64  10:34  Hydralisk  
  68  10:40  Queen  
  70  10:45  Hydralisk  
  70  10:48  Hydralisk  
  74  10:54  Hydralisk  
  76  10:57  Drone  
  76  10:58  Drone  
  76  11:01  Drone  
  76  11:03  Drone  
  80  11:05  Drone  
  80  11:08  Drone  
  80  11:10  Drone  
  83  11:12  Drone  
  83  11:14  Drone  
  83  11:16  Drone  
  83  11:18  Drone  
  87  11:20  Drone  
  87  11:22  Drone  
  89  11:27  Overlord  
  89  11:29  Overlord  
  89  11:36  Centrifical Hooks  
  89  11:41  Overlord  
  89  11:47  Zergling x8  
  89  11:48  Zergling x6  
  89  11:49  Zergling x2  
  89  11:51  Zergling x2  
  89  11:52  Zergling x2  
  91  12:01  Drone  
  91  12:02  Drone x4  
  91  12:04  Drone  
  97  12:12  Baneling x7  
  97  12:13  Baneling x4  
  97  12:14  Baneling  
  97  12:15  Baneling  
  97  12:16  Baneling  
  97  12:17  Baneling  
  97  12:18  Baneling  
  97  12:19  Baneling  
  97  12:20  Baneling  
  97  12:21  Baneling  
  97  12:22  Baneling  
  97  12:37  Hydralisk  
  97  12:41  Overseer  
  97  12:44  Overseer  
  99  12:45  Overseer  
  99  12:47  Hatchery  
  99  12:48  Drone x2  
  99  12:49  Drone  
  101  13:01  Hydralisk  
  101  13:02  Hydralisk x3  
  108  13:06  Overlord  
  108  13:10  Spore Crawler  
  107  13:13  Overlord  
  107  13:17  Overlord  
  107  13:23  Queen  
  107  13:25  Hydralisk x2  
  113  13:30  Overlord  
  113  13:31  Hydralisk  
  113  13:34  Zergling x4  
  117  13:37  Hydralisk  
  117  13:40  Zergling x4  
  120  13:43  Hydralisk  
  120  13:45  Zergling x2  
  114  13:58  Drone x2  
  114  13:59  Drone x5  
  118  14:05  Hydralisk  
  118  14:06  Zergling x4  
  122  14:12  Baneling x4  
  122  14:13  Baneling  
  122  14:16  Drone  
  123  14:17  Drone  
  123  14:22  Zergling x4  
  125  14:31  Hydralisk x2  
  122  14:33  Hydralisk  
  122  14:37  Hydralisk  
Show
View Real Time Build Order
Export as new Build Order

goldrobber Protoss - Winner!

Build Orders: 1 Gate Expand 

Get SALT Encoding   

  12  0:01  Probe (Chrono Boost)  
  13  0:11  Probe (Chrono Boost)  
  14  0:22  Pylon  
  14  0:23  Probe (Chrono Boost)  
  15  0:41  Probe (Chrono Boost)  
  16  0:43  Gateway  
  16  0:51  Probe (Chrono Boost)  
  17  1:02  Probe (Chrono Boost)  
  18  1:12  Probe (Chrono Boost)  
  19  1:23  Probe (Chrono Boost)  
  19  1:25  Nexus  
  20  1:33  Probe (Chrono Boost)  
  20  1:35  Pylon  
  20  1:39  Assimilator  
  21  1:49  Probe (Chrono Boost)  
  22  1:59  Probe (Chrono Boost)  
  22  2:00  Cybernetics Core  
  23  2:05  Pylon  
  23  2:06  Zealot  
  25  2:11  Probe (Chrono Boost)  
  26  2:24  Probe (Chrono Boost)  
  27  2:33  Forge  
  27  2:34  Warp Gate  
  27  2:40  Assimilator, Probe x2 (Chrono Boost)  
  29  2:49  Adept  
  29  2:50  Probe x2 (Chrono Boost)  
  33  3:01  Probe x2 (Chrono Boost)  
  35  3:17  Probe (Chrono Boost)  
  35  3:18  Probe (Chrono Boost)  
  37  3:28  Adept  
  37  3:30  Probe (Chrono Boost)  
  37  3:31  Mothership Core (Chrono Boost)  
  42  3:37  Pylon  
  42  3:41  Gateway  
  42  3:44  Gateway  
  42  3:52  Photon Cannon  
  34  4:13  Adept  
  34  4:14  Protoss Ground Weapons Level 1, Probe (Chrono Boost)  
  34  4:16  Probe (Chrono Boost)  
  38  4:23  Stargate  
  38  4:26  Pylon, Gateway  
  38  4:40  Probe (Chrono Boost)  
  38  4:42  Probe (Chrono Boost)  
  40  4:47  Assimilator  
  40  4:50  Assimilator  
  40  4:51  Probe (Chrono Boost)  
  41  4:54  Probe (Chrono Boost)  
  42  5:02  Probe (Chrono Boost)  
  42  5:06  Probe (Chrono Boost)  
  42  5:10  Adept  
  44  5:14  Photon Cannon  
  44  5:15  Photon Cannon  
  44  5:22  Adept x2  
  44  5:25  Phoenix  
  44  5:27  Probe x2 (Chrono Boost)  
  52  5:37  Pylon  
  52  5:39  Probe (Chrono Boost)  
  52  5:40  Probe (Chrono Boost)  
  52  5:41  Adept  
  52  5:42  Adept  
  58  5:47  Phoenix  
  58  5:48  Stargate  
  58  5:50  Pylon  
  60  5:59  Adept x2  
  60  6:03  Photon Cannon  
  64  6:08  Photon Cannon  
  58  6:27  Stalker  
  58  6:28  Phoenix  
  58  6:29  Adept  
  58  6:30  Adept x2  
  58  6:32  Phoenix  
  70  6:47  Pylon  
  70  6:53  Phoenix  
  72  6:54  Phoenix  
  72  6:55  Twilight Council  
  74  7:07  Probe x2 (Chrono Boost)  
  76  7:10  Pylon  
  76  7:14  Photon Cannon  
  76  7:19  Probe x2 (Chrono Boost)  
  76  7:20  Adept x3  
  76  7:21  Adept  
  86  7:24  Phoenix  
  89  7:31  Probe (Chrono Boost)  
  89  7:32  Probe (Chrono Boost)  
  90  7:37  Nexus  
  90  7:43  Probe (Chrono Boost)  
  90  7:44  Probe (Chrono Boost)  
  92  7:56  Probe (Chrono Boost)  
  93  8:10  Phoenix  
  93  8:13  Phoenix  
  97  8:20  Robotics Facility  
  97  8:21  Adept x2  
  97  8:25  Pylon  
  97  8:26  Pylon  
  101  8:30  Assimilator  
  101  8:35  Assimilator  
  99  8:42  Resonating Glaives  
  99  8:44  Adept x4  
  107  8:49  Phoenix x2  
  107  8:53  Probe (Chrono Boost)  
  107  8:54  Probe (Chrono Boost)  
  107  8:55  Protoss Ground Weapons Level 2, Probe (Chrono Boost)  
  114  9:06  Probe (Chrono Boost)  
  115  9:14  Forge  
  115  9:16  Probe (Chrono Boost)  
  118  9:18  Probe x2 (Chrono Boost)  
  118  9:20  Observer  
  119  9:26  Robotics Bay  
  117  10:07  Assimilator, Photon Cannon  
  117  10:09  Pylon, Photon Cannon  
  117  10:13  Disruptor  
  117  10:15  Gateway  
  117  10:18  Gateway  
  117  10:20  Gateway  
  120  10:23  Robotics Facility  
  120  10:25  Pylon  
  120  10:27  Phoenix  
  120  10:28  Phoenix  
  124  10:33  Stalker x4  
  132  10:40  Photon Cannon  
  132  10:41  Photon Cannon  
  132  10:42  Pylon  
  132  10:46  Photon Cannon  
  132  10:48  Probe (Chrono Boost)  
  132  10:49  Probe (Chrono Boost)  
  135  10:50  Probe (Chrono Boost)  
  135  10:59  Protoss Ground Armor Level 1  
  135  11:01  Stalker x3  
  135  11:02  Stalker  
  143  11:17  Probe (Chrono Boost)  
  146  11:19  Probe x2 (Chrono Boost)  
  146  11:25  Sentry x2  
  148  11:26  Stalker x2  
  148  11:31  Protoss Ground Weapons Level 3  
  148  11:32  Disruptor  
  157  11:40  Pylon x2  
  157  11:53  Disruptor  
  158  12:02  Stalker x2  
  158  12:03  Stalker x3  
  168  12:11  Blink  
  168  12:20  Nexus  
  168  12:30  Stalker x2  
  168  12:34  Pylon  
  168  12:36  Pylon  
  172  12:38  Pylon  
  172  12:42  Assimilator  
  172  12:44  Assimilator  
  170  13:06  Disruptor  
  170  13:10  Disruptor  
  176  13:18  Photon Cannon  
  176  13:19  Photon Cannon  
  176  13:21  Photon Cannon  
  176  13:22  Pylon, Photon Cannon  
  176  13:32  Stalker x6  
  176  13:33  Stalker  
  186  13:42  Disruptor  
  186  13:46  Disruptor  
  188  14:09  Stalker x4  
  196  14:10  Stalker x2  
  196  14:15  Templar Archives  
  154  14:53  Stalker x3  
  154  14:54  Stalker x3  
Tags
 
Add a new tag
Caveats
  • Supply blocks, unpowered buildings, or Contaminate may cause inaccurate times.
  • Supply counts are checked every 10 seconds.